Map: [ESL] Ancient Cistern

Players

Maru - Winner!

  • Race: Terran Terran

Classic

  • Race: Protoss Protoss

Event: IEM Katowice 2023

VOD

Have the link to the VOD?

Description

Time

  • Played on: Feb. 10, 2023, 12:12 p.m.
  • Length: 10:50

All games in this series

Show
View Real Time Build Order
Export as new Build Order

Maru Terran - Winner!

Build Orders: Reaper Expand 

Get SALT Encoding   

  12  0:00  SCV  
  13  0:12  SCV  
  14  0:17  Supply Depot  
  14  0:24  SCV  
  15  0:38  SCV  
  15  0:40  Barracks  
  15  0:42  Refinery  
  16  0:50  SCV  
  17  1:03  SCV  
  18  1:15  SCV  
  19  1:27  Orbital Command, Reaper  
  20  1:42  Command Center  
  20  1:49  Supply Depot  
  20  1:53  SCV  
  21  1:59  Marine  
  22  2:05  SCV  
  22  2:07  Factory  
  23  2:15  Bunker  
  23  2:17  Marine, SCV  
  25  2:29  SCV  
  26  2:36  Barracks Reactor  
  26  2:41  SCV  
  27  2:51  Factory Tech Lab  
  27  2:54  Command Center  
  27  2:56  Orbital Command  
  27  2:59  SCV  
  28  3:10  Cyclone  
  28  3:11  SCV  
  32  3:14  Marine x2  
  34  3:21  SCV  
  34  3:23  SCV  
  34  3:24  Barracks  
  36  3:28  Refinery  
  36  3:31  Marine  
  36  3:32  Marine  
  38  3:35  SCV  
  38  3:37  Supply Depot  
  38  3:40  SCV  
  40  3:42  Widow Mine  
  40  3:47  SCV  
  43  3:49  Marine x2  
  43  3:52  SCV  
  45  3:59  SCV  
  46  4:02  Barracks  
  46  4:06  Orbital Command  
  46  4:07  Marine x2  
  48  4:10  SCV  
  48  4:15  Factory Tech Lab, SCV  
  50  4:20  Marine, Stimpack  
  50  4:22  SCV  
  52  4:25  Engineering Bay x2  
  52  4:27  SCV  
  53  4:33  SCV  
  53  4:34  SCV  
  53  4:35  Marine x2  
  57  4:39  SCV, Supply Depot  
  57  4:41  Refinery  
  58  4:46  SCV  
  58  4:48  SCV  
  58  4:51  SCV  
  58  4:52  Terran Infantry Armor Level 1, Terran Infantry Weapons Level 1  
  61  4:56  Starport  
  61  4:57  Marine x2  
  61  4:58  SCV  
  64  5:00  Supply Depot  
  64  5:02  SCV  
  64  5:03  Factory Reactor  
  64  5:05  SCV  
  66  5:10  SCV  
  66  5:12  Barracks  
  66  5:13  Barracks  
  67  5:17  Missile Turret  
  67  5:20  SCV  
  68  5:22  Supply Depot  
  68  5:23  Combat Shield  
  68  5:26  Marauder  
  68  5:28  Marauder  
  72  5:32  Marine x2, Missile Turret  
  74  5:37  SCV x2, Refinery  
  74  5:39  Supply Depot  
  74  5:42  Orbital Command  
  76  5:45  Supply Depot  
  76  5:47  Factory Reactor  
  76  5:49  Medivac, SCV x2  
  80  5:55  Medivac  
  80  5:57  Marine x3  
  82  6:00  Orbital Command  
  82  6:01  SCV  
  82  6:03  Barracks Tech Lab  
  82  6:04  Barracks Reactor  
  86  6:05  SCV  
  86  6:10  Marine  
  88  6:13  SCV  
  88  6:14  Marine  
  88  6:15  Marauder  
  88  6:17  SCV  
  88  6:21  Supply Depot  
  88  6:23  Medivac, Widow Mine  
  88  6:24  Widow Mine  
  88  6:25  SCV  
  92  6:29  Marine, SCV, Marauder x2  
  92  6:32  Marine  
  98  6:34  Medivac  
  98  6:37  Marauder  
  98  6:38  Orbital Command  
  103  6:41  Marine x2, Supply Depot  
  103  6:45  Supply Depot  
  109  6:47  Widow Mine x2  
  109  6:50  Marauder  
  109  6:53  Marine, Marauder  
  114  6:58  Marauder  
  116  7:02  Medivac  
  116  7:05  Supply Depot  
  118  7:08  Marine  
  118  7:09  Marine  
  118  7:12  Marauder  
  118  7:13  Orbital Command  
  118  7:14  Marauder  
  124  7:19  Marine x2  
  124  7:20  Marauder  
  125  7:31  Marine  
  125  7:33  Marauder  
  125  7:36  Marauder  
  130  7:40  Marine  
  130  7:41  Marine, Marauder  
  130  7:44  Orbital Command  
  133  7:51  SCV  
  133  7:52  SCV  
  133  7:53  Concussive Shells  
  133  7:54  Marauder  
  133  7:57  Marauder  
  139  8:06  Missile Turret  
  139  8:10  Marine x2  
  140  8:13  SCV  
  140  8:14  SCV  
  140  8:19  SCV, Armory  
  142  8:20  Marine  
  142  8:21  Marine  
  140  8:29  Marine x3, Marauder x2  
  146  8:38  Marine  
  146  8:44  Marine  
  146  8:46  Marine, Widow Mine  
  146  8:47  Marauder  
  141  8:49  Marine  
  141  8:51  SCV x3  
  141  8:52  Marine, Marauder  
  141  8:57  Marine  
  141  8:59  Medivac x2  
  141  9:00  Widow Mine  
  141  9:01  Marine  
  146  9:03  SCV  
  146  9:04  Marine  
  146  9:07  Marine, SCV x2  
  146  9:09  Marauder  
  146  9:10  Marauder  
  146  9:11  Supply Depot  
  146  9:14  Marauder  
  145  9:19  Supply Depot  
  145  9:20  Widow Mine  
  145  9:21  Widow Mine  
  143  9:25  Marine x2  
  143  9:30  Marauder  
  143  9:31  Medivac  
  146  9:32  Marauder  
  146  9:34  Marine x2  
  146  9:35  Marine  
  146  9:37  SCV, Refinery  
  146  9:38  SCV x2  
  154  9:39  Refinery  
  154  9:43  Marine  
  154  9:44  Marine  
  156  9:50  SCV x2  
  156  9:51  Marine  
  151  9:53  Marauder  
  151  9:55  Marine x2, Marauder  
  149  10:02  Marine  
  149  10:05  Marine  
  137  10:09  Marauder  
  137  10:12  Marine  
  137  10:13  Marine  
  135  10:14  Marauder  
  135  10:17  Marauder  
  135  10:19  Orbital Command  
  135  10:20  Marine  
  127  10:21  Widow Mine, Hellion  
  127  10:23  Marine  
Show
View Real Time Build Order
Export as new Build Order

Classic Protoss 

Build Orders: 1 Gate Expand, Phoenix Opening 

Get SALT Encoding   

  12  0:00  Probe  
  13  0:12  Probe  
  14  0:18  Pylon  
  14  0:24  Probe (Chrono Boost)  
  15  0:36  Probe (Chrono Boost)  
  15  0:37  Gateway  
  16  0:45  Probe (Chrono Boost)  
  16  0:46  Assimilator  
  17  0:51  Probe  
  18  1:03  Probe  
  19  1:15  Probe  
  20  1:24  Cybernetics Core  
  20  1:33  Nexus  
  20  1:39  Pylon  
  20  1:42  Probe  
  21  1:48  Assimilator  
  21  1:54  Probe  
  21  1:57  Adept (Chrono Boost)  
  24  2:06  Probe  
  25  2:19  Probe  
  25  2:20  Adept  
  28  2:24  Stargate  
  28  2:31  Probe, Warp Gate  
  29  2:43  Probe (Chrono Boost)  
  30  2:45  Probe (Chrono Boost)  
  30  2:50  Stalker  
  33  2:53  Probe (Chrono Boost)  
  33  2:54  Probe (Chrono Boost)  
  35  2:58  Probe (Chrono Boost)  
  35  2:59  Probe (Chrono Boost)  
  35  3:02  Twilight Council  
  37  3:10  Probe  
  37  3:11  Probe  
  39  3:17  Phoenix  
  39  3:18  Shield Battery  
  41  3:23  Probe x2  
  43  3:28  Gateway  
  43  3:34  Gateway  
  43  3:38  Charge (Chrono Boost)  
  43  3:40  Gateway  
  43  3:45  Probe  
  44  3:50  Pylon  
  44  3:55  Phoenix  
  44  3:58  Pylon  
  46  4:08  Probe x2  
  48  4:11  Pylon  
  48  4:20  Probe x2, Phoenix  
  48  4:22  Zealot x2  
  56  4:28  Pylon  
  56  4:30  Zealot  
  58  4:32  Assimilator  
  58  4:34  Probe x2  
  58  4:37  Zealot  
  62  4:45  Zealot x2  
  66  4:52  Zealot, Robotics Facility  
  68  4:57  Zealot  
  70  5:00  Phoenix  
  70  5:05  Pylon  
  72  5:18  Nexus  
  72  5:26  Probe x2  
  74  5:32  Zealot x3  
  74  5:33  Zealot  
  82  5:38  Pylon  
  82  5:39  Probe  
  82  5:41  Probe  
  84  5:47  Robotics Bay  
  84  5:52  Probe  
  84  5:53  Probe  
  86  6:04  Probe  
  86  6:05  Probe  
  88  6:17  Probe x2  
  91  6:18  Observer  
  91  6:20  Pylon  
  91  6:26  Assimilator  
  91  6:29  Probe x2 (Chrono Boost)  
  91  6:31  Forge  
  91  6:32  Gateway, Blink  
  93  6:34  Probe (Chrono Boost)  
  93  6:35  Gateway  
  93  6:39  Colossus (Chrono Boost)  
  95  6:41  Probe x2 (Chrono Boost)  
  95  6:44  Probe (Chrono Boost)  
  101  6:47  Probe x2 (Chrono Boost)  
  101  6:49  Probe (Chrono Boost)  
  101  6:52  Extended Thermal Lance  
  104  6:54  Pylon  
  104  6:55  Probe x2  
  104  7:00  Probe  
  107  7:07  Gateway x2, Probe  
  107  7:10  Pylon  
  107  7:11  Shield Battery, Zealot, Sentry x2  
  113  7:16  Zealot  
  115  7:22  Colossus (Chrono Boost)  
  115  7:28  Pylon  
  115  7:29  Pylon  
  121  7:36  Zealot x4  
  124  7:44  Pylon  
  124  7:46  Pylon  
  124  7:59  Nexus  
  124  8:10  Pylon  
  124  8:13  Pylon  
  124  8:21  Pylon  
  124  8:23  Zealot  
  124  8:26  Colossus (Chrono Boost)  
  131  8:37  Zealot  
  131  8:40  Pylon  
  131  8:42  Pylon  
  131  8:47  Zealot x5  
  121  9:02  Zealot x3  
  125  9:06  Nexus  
  112  9:19  Warp Prism (Chrono Boost)  
  108  9:27  Zealot x7  
  108  9:30  Zealot  
  124  9:34  Templar Archives  
  124  9:40  Pylon  
  122  9:59  Zealot x3  
  42  10:39  Zealot  

Tags
 
Add a new tag
Caveats
  • Supply blocks, unpowered buildings, or Contaminate may cause inaccurate times.
  • Supply counts are checked every 10 seconds.